 Dungeon Crawl Stone Soup version 0.31-a0-164-g2312942fda (webtiles) character file.

Game seed: 4321859984347227236

7 Moral the Vexing (level 1, 0/11 HPs)
             Began as a Deep Elf Hexslinger on June 14, 2023.
             Constricted to death by a ball python (1 damage)
             ... on level 1 of the Dungeon.
             The game lasted 00:01:20 (241 turns).

Moral the Vexing (Deep Elf Hexslinger)               Turns: 241, Time: 00:01:20

Health: 0/11       AC:  2    Str:  5    XL:     1   Next: 91%
Magic:  2/5        EV: 10    Int: 17    God:
Gold:   28         SH:  0    Dex: 17    Spells: 3/4 levels left

rFire   . . .        a - +1 sling
rCold   . . .        (no shield)
rNeg    . . .        c - +0 robe
rPois   .            (no helmet)
rElec   .            (no cloak)
rCorr   .            (no gloves)
SInv    .            (no boots)
Will    .....        (no amulet)
Stlth   ++           (no ring)
HPRegen 0.21/turn    (no ring)
MPRegen 0.09/turn

%: no passive effects
@: hasted, constricted, very quick
A: no striking features
a: no special abilities


You were on level 1 of the Dungeon.
You visited 1 branch of the dungeon, and saw 1 of its levels.

You collected 28 gold pieces.

Inventory:

Hand Weapons
 a - a +1 sling (weapon)
Armour
 c - a +0 robe (worn)
Potions
 d - a potion of ambrosia {unknown}
 f - a potion of brilliance {unknown}


   Skills:
 + Level 0.9 Fighting
 * Level 3.0 Ranged Weapons
 + Level 2.5 Dodging
 * Level 2.0 Spellcasting
 * Level 4.2 Hexes


You had 3 spell levels left.
You knew the following spells:

 Your Spells              Type           Power      Damage    Failure   Level
a - Slow                  Hex            64%        N/A       3%          1

Your spell library contained the following spells:

 Spells                   Type           Power      Damage    Failure   Level
 Ensorcelled Hibernation  Hex/Ice        16%        N/A       12%         2
 Inner Flame              Hex/Fire       8%         N/A       24%         3
 Portal Projectile        Hex/Tloc       16%        N/A       24%         3
 Passwall                 Tmut/Erth      0%         N/A       28%         2
 Swiftness                Air            1%         N/A       50%         3
 Cause Fear               Hex            8%         N/A       34%         4


Dungeon Overview and Level Annotations

Branches:
Dungeon (1/15)

Altars:


Message History

Confirm with . or Enter, or press ? or * to list all spells.
Aiming: Slow (safe; 3% risk of failure)
Press: ? - help, Shift-Dir - straight line, f/p - kobold
Aim: a kobold, wielding a +0 short sword (moderately wounded, chance to affect: 67%)
The kobold seems to slow down.
Casting: Slow (safe; 3% risk of failure)
Confirm with . or Enter, or press ? or * to list all spells.
Aiming: Slow (safe; 3% risk of failure)
Press: ? - help, Shift-Dir - straight line, f - ball python, p - kobold
Aim: a ball python (chance to affect: 67%)
The ball python struggles to resist.
The ball python bites you but does no damage.
The ball python grabs you. The ball python constricts you.
The kobold hits you with a +0 short sword.
The ball python closely misses you. The ball python constricts you.
The ball python's grasp on you weakens, but your attempt to escape fails.
The ball python closely misses you. The ball python constricts you.
The kobold hits you with a +0 short sword.
* * * LOW HITPOINT WARNING * * *
You escape the ball python's grasp.
The jackal attacks as you move away! The jackal misses you.
The ball python attacks as you move away!
The ball python closely misses you. x2
The jackal bites you.
* * * LOW HITPOINT WARNING * * *
The jackal attacks as you move away! The jackal barely misses you.
The ball python attacks as you move away!
The ball python completely misses you. The ball python misses you.
Really read the scroll of poison?
Uppercase [Y]es or [N]o only, please.
Really read the scroll of poison?
The air fills with toxic fumes!
As you read the scroll of poison, it crumbles to dust.
The jackal bites you.
* * * LOW HITPOINT WARNING * * *
The ball python barely misses you. The ball python grabs you.
The ball python constricts you. The jackal closely misses you.
It was a potion of haste.
You feel yourself speed up. The ball python misses you.
The ball python constricts you.
You die...

.............### ...........
....#...####..§####..§§§.....
..8...†.......§§§§..#§§§.....
......#...#####§§###§§§§....#
......###.####§§§§§§§§§§#####
..##.....§#§§§§§§#K§§§§§###
.###.....§§§§§§§§§h§§§§§....
.........§§§§§§§S§§§#.......
###......§§§§§§§@h§§#........
#......§§§§§§§§§§§§§§§..... #
#......§§§§§§§§§§###§§.....
###......§§§§§§§§§§§§.......
.........§§§§§§§§§§§##......
...#.....§§§§§§§§§§§§......
.........§§§§§§§§#§#§§.. .
###..##..§#####§§§§§§§§..
.....##.### #..........


You could see 2 jackals, a ball python and a kobold (slow).

Vanquished Creatures
  A dart slug (D:1)
  A giant cockroach (D:1)
  A quokka (D:1)
  A kobold (D:1)
  2 rats (D:1)
6 creatures vanquished.

Notes
Turn   | Place    | Note
-------+----------+-------------------------------------------
     0 | D:1      | Moral the Deep Elf Hexslinger began the quest for the Orb.
     0 | D:1      | Reached XP level 1. HP: 11/11 MP: 5/5
   109 | D:1      | Found a faded altar of an unknown god.
   241 | D:1      | Constricted to death by a ball python

Illustrated notes

Levels and vault maps discovered:
D:1:      grunt_arrival_lava_bath, layout_rooms,
          hellmonk_ecumenical_altar_zigzags

Skill      XL: |  1 |
---------------+----+-----
Ranged Weapons | 3 |  3.0
Spellcasting   | 2 |  2.0
Fighting       | |  0.9
Dodging        | |  2.5
Hexes          | |  4.2

Action                     || total
---------------------------++-------
   Fire: Sling             ||    19
   Cast: Slow              ||     5
    Use: Scroll            ||     1
         Potion            ||     1
 Armour: Robe              ||     1
  Dodge: Dodged            ||    12

Table legend: (Time is in decaauts)
 A = Elapsed time spent in this place.
 B = Non-inter-level travel time spent in this place.
 C = Inter-level travel time spent in this place.
 D = Time resting spent in this place.
 E = Time spent auto-exploring this place.
 F = Levels seen in this place.
 G = Mean time per level.
                   A        B        C        D        E       F      G
               +--------+--------+--------+--------+--------+-----+--------+
         Total |    246 |    246 |      0 |      0 |    197 |   1 |  246.0 |
       Dungeon |    246 |    246 |      0 |      0 |    197 |   1 |  246.0 |
               +--------+--------+--------+--------+--------+-----+--------+

Top non-repeatable levels by time:
     D:1: 246 daAuts
